Map: Scoria Reactor

Players

SirRalf

  • Race: Protoss Protoss
  • Spawn Location: 5:00

Fermi

  • Race: Terran Terran
  • League: Gold
  • Spawn Location: 3:00

DaemonHell

  • Race: Terran Terran
  • Spawn Location: 6:00

wwetittle

  • Race: Zerg Zerg
  • Spawn Location: 6:00

Zischer

  • Race: Protoss Protoss
  • League: Silver
  • Spawn Location: 12:00

sonicsurfer

  • Race: Zerg Zerg
  • Spawn Location: 9:00

MieuZork

  • Race: Zerg Zerg
  • League: Platinum
  • Spawn Location: 11:00

Mithraw

  • Race: Zerg Zerg
  • Spawn Location: 12:00

VOD

Have the link to the VOD?

Description

Time

  • Played on: Feb. 22, 2016, 2:05 p.m.
  • Length: 14:05
Show
View Real Time Build Order
Export as new Build Order

SirRalf Protoss 

Build Orders:  

Get SALT Encoding   

  12  0:03  Probe (Chrono Boost)  
  14  0:14  Probe (Chrono Boost)  
  14  0:24  Probe (Chrono Boost)  
  15  0:29  Pylon  
  15  0:37  Pylon  
  15  0:47  Probe (Chrono Boost)  
  15  0:49  Gateway  
  16  1:00  Forge  
  16  1:09  Pylon  
  16  1:14  Probe (Chrono Boost)  
  17  1:20  Assimilator  
  17  1:24  Probe (Chrono Boost)  
  18  1:27  Assimilator  
  18  1:41  Pylon  
  18  1:46  Probe (Chrono Boost)  
  19  1:57  Probe (Chrono Boost)  
  20  2:02  Photon Cannon  
  20  2:07  Probe (Chrono Boost)  
  21  2:18  Probe (Chrono Boost)  
  22  2:32  Nexus  
  22  2:38  Assimilator  
  22  2:45  Assimilator  
  22  2:55  Cybernetics Core  
  22  3:01  Pylon  
  22  3:04  Probe (Chrono Boost)  
  23  3:15  Probe (Chrono Boost)  
  24  3:25  Probe (Chrono Boost)  
  25  3:33  Stargate  
  25  3:36  Probe (Chrono Boost)  
  26  3:46  Probe (Chrono Boost)  
  26  3:47  Probe (Chrono Boost)  
  28  3:57  Probe x2 (Chrono Boost)  
  30  4:03  Stargate  
  30  4:07  Probe (Chrono Boost)  
  30  4:08  Probe (Chrono Boost)  
  32  4:18  Probe x2 (Chrono Boost)  
  34  4:24  Fleet Beacon  
  34  4:32  Probe (Chrono Boost)  
  35  4:40  Pylon  
  35  4:42  Pylon  
  35  4:43  Probe (Chrono Boost)  
  36  4:53  Probe (Chrono Boost)  
  37  5:08  Carrier (Chrono Boost)  
  37  5:12  Carrier (Chrono Boost)  
  49  5:21  Graviton Catapult  
  49  5:23  Protoss Air Weapons Level 1  
  49  5:26  Probe  
  50  5:38  Probe  
  51  6:21  Protoss Shields Level 1  
  51  6:24  Probe  
  51  6:25  Carrier (Chrono Boost)  
  58  6:29  Carrier (Chrono Boost)  
  64  6:34  Pylon  
  64  6:36  Probe, Pylon  
  64  6:37  Pylon  
  64  6:38  Mothership Core  
  67  6:48  Probe  
  68  7:00  Probe  
  69  7:11  Photon Cannon  
  69  7:12  Photon Cannon, Probe  
  69  7:14  Photon Cannon  
  70  7:39  Carrier (Chrono Boost)  
  70  7:50  Carrier (Chrono Boost)  
  76  8:54  Carrier (Chrono Boost)  
  82  9:05  Carrier (Chrono Boost)  
  85  10:08  Carrier (Chrono Boost)  
  91  10:19  Carrier (Chrono Boost)  
  97  10:51  Protoss Air Armor Level 1  
  97  11:23  Carrier (Chrono Boost)  
  109  11:34  Carrier (Chrono Boost)  
  71  12:41  Carrier (Chrono Boost), Mothership Core  
  79  12:48  Carrier (Chrono Boost)  
  61  13:34  Forge  
  61  13:39  Pylon  
  61  13:42  Pylon  
  61  13:43  Pylon  
  61  13:45  Pylon  
  61  13:47  Pylon  
  61  13:49  Pylon  
Show
View Real Time Build Order
Export as new Build Order

Fermi Terran 

Build Orders: Hellion Opening, Mech 

Get SALT Encoding   

  12  0:01  SCV  
  13  0:13  SCV  
  14  0:18  Supply Depot  
  14  0:26  SCV  
  15  0:39  Refinery  
  15  0:40  SCV  
  16  0:47  Barracks  
  16  0:52  SCV  
  17  1:02  Refinery  
  17  1:04  SCV  
  18  1:16  SCV  
  19  1:35  Orbital Command  
  19  1:39  Barracks Reactor  
  19  1:49  Supply Depot  
  19  1:55  Factory  
  19  2:03  SCV  
  20  2:15  SCV  
  21  2:21  Marine x2  
  23  2:27  SCV  
  24  2:34  Factory  
  24  2:39  SCV  
  25  2:50  Supply Depot  
  25  2:51  Barracks Tech Lab  
  25  2:52  Hellion x2  
  25  2:55  SCV  
  30  3:07  SCV  
  31  3:14  Hellion x2  
  31  3:16  Supply Depot  
  35  3:30  Armory  
  35  3:37  Starport, Hellion  
  35  3:39  Hellion  
  39  3:49  Hellion  
  41  4:14  Hellion x2  
  41  4:15  Hellion  
  47  4:21  Supply Depot  
  47  4:23  Supply Depot  
  47  4:43  Hellion  
  49  5:02  Hellion x2  
  49  5:05  Hellion  
  53  5:28  Hellion x3  
  33  6:21  Infernal Pre-Igniter  
  33  6:32  Medivac  
  33  6:35  Command Center  
  33  6:37  Hellion x3  
  41  6:58  Hellion x3  
  47  7:02  Medivac  
  39  7:22  Hellion x3  
  40  7:43  Hellion x2  
  39  8:05  Thor, Hellion x2  
  47  8:14  Supply Depot  
  45  8:55  Thor  
  45  8:57  Hellbat x2  
  55  9:19  Orbital Command  
  55  9:31  Hellbat  
  55  9:32  Hellbat  
  55  9:38  Thor  
  61  10:19  Medivac  
  63  10:45  Thor  
  63  10:46  Hellbat x2  
  73  11:01  Terran Vehicle Weapons Level 1  
  73  11:07  Supply Depot  
  73  11:10  Supply Depot  
  63  11:38  Hellion  
  63  11:39  Hellion x2  
  69  12:00  Hellion x3  
  75  12:21  Hellion x3  
  77  12:52  Thor  
  77  12:54  Hellion x2  
Show
View Real Time Build Order
Export as new Build Order

DaemonHell Terran 

Build Orders: Mech 

Get SALT Encoding   

  12  0:01  SCV  
  13  0:18  SCV, Supply Depot  
  14  0:30  SCV  
  15  0:49  SCV  
  16  0:52  Barracks  
  16  1:02  SCV  
  17  1:10  Refinery  
  17  1:11  Refinery  
  17  1:14  SCV  
  18  1:26  SCV  
  19  1:38  SCV  
  20  1:46  Supply Depot  
  20  1:50  SCV  
  20  1:52  Command Center  
  21  2:02  SCV  
  22  2:14  SCV  
  23  2:20  Factory  
  23  2:26  SCV  
  24  2:31  Marine  
  25  2:42  Orbital Command  
  25  2:49  Marine  
  26  3:06  Orbital Command, Refinery  
  26  3:09  Factory  
  26  3:13  Marine  
  26  3:16  Factory Tech Lab  
  27  3:31  Marine  
  27  3:33  SCV  
  29  3:39  Siege Tank  
  32  3:45  SCV  
  33  3:57  SCV  
  34  4:02  Supply Depot  
  34  4:04  Factory Tech Lab  
  34  4:09  SCV  
  35  4:11  Siege Tank  
  35  4:12  Armory  
  38  4:22  SCV  
  39  4:36  Factory  
  39  4:40  Siege Tank  
  42  4:47  SCV, Refinery  
  43  4:59  SCV  
  44  5:02  Thor  
  50  5:11  SCV  
  51  5:20  Supply Depot  
  51  5:24  Terran Vehicle And Ship Armor Level 1  
  51  5:33  Factory Tech Lab  
  51  5:36  Supply Depot  
  51  5:41  SCV, Thor  
  51  5:42  Supply Depot  
  58  5:53  SCV  
  59  5:58  Thor  
  59  5:59  Supply Depot  
  59  6:03  Thor  
  71  6:04  Supply Depot  
  71  6:33  Thor  
  75  7:19  Siege Tank  
  75  7:20  Thor x2  
  85  7:51  Thor  
  55  8:06  Supply Depot  
  55  8:29  Supply Depot  
  38  8:45  SCV  
  39  8:57  SCV  
  39  9:09  SCV  
  40  9:19  Armory  
  33  9:52  SCV  
  34  9:56  SCV  
  35  10:04  SCV  
  33  10:07  Thor x3  
  51  10:17  SCV  
  50  10:50  Thor  
  56  11:25  Command Center  
  56  11:41  Thor  
  62  12:28  Thor x2  
Show
View Real Time Build Order
Export as new Build Order

wwetittle Zerg 

Build Orders: Hatch First 

Get SALT Encoding   

  12  0:01  Drone  
  13  0:13  Overlord  
  13  0:18  Drone  
  14  0:22  Extractor  
  14  0:24  Drone  
  15  0:32  Drone  
  15  0:35  Drone  
  17  0:57  Hatchery  
  16  1:15  Drone x3  
  19  1:23  Spawning Pool  
  19  1:24  Extractor  
  17  1:26  Extractor  
  17  1:28  Drone  
  17  1:38  Drone  
  18  1:51  Drone  
  19  1:58  Drone  
  20  2:09  Drone  
  20  2:10  Drone, Queen  
  24  2:17  Roach Warren  
  24  2:21  Drone x2  
  25  2:31  Drone  
  25  2:32  Drone  
  27  2:48  Lair  
  27  2:55  Overlord  
  27  3:01  Drone  
  27  3:02  Overlord  
  28  3:13  Queen  
  28  3:15  Drone x5  
  35  3:23  Roach  
  35  3:24  Roach x2  
  41  3:30  Roach  
  43  3:35  Drone  
  43  3:38  Overlord  
  44  3:43  Overlord  
  44  3:49  Glial Reconstitution  
  44  3:54  Overlord  
  44  3:56  Drone x4  
  44  4:00  Drone, Extractor x2  
  47  4:06  Drone  
  47  4:08  Drone  
  49  4:20  Drone  
  49  4:21  Drone  
  49  4:23  Roach x3  
  57  4:30  Roach  
  57  4:31  Roach x3  
  65  4:34  Roach  
  67  4:40  Evolution Chamber  
  67  4:42  Spire  
  65  4:47  Drone  
  65  4:50  Drone  
  67  5:37  Overlord x4  
  67  5:38  Overlord x3  
  67  5:46  Infestation Pit  
  66  6:18  Corruptor x10  
  86  6:30  Overlord x2  
  86  6:34  Zerg Melee Weapons Level 1  
  86  6:38  Hive  
  86  6:41  Corruptor x2  
  90  7:00  Corruptor  
  90  7:01  Corruptor  
  94  7:15  Drone  
  94  7:16  Drone  
  96  7:25  Hatchery  
  95  7:45  Drone  
  95  7:46  Drone x14  
  95  7:51  Greater Spire  
  110  7:57  Overlord  
  110  7:59  Overlord  
  110  8:11  Corruptor  
  110  8:12  Corruptor  
  114  8:33  Corruptor x6  
  114  8:34  Corruptor  
  114  9:07  Roach  
  114  9:08  Roach x7  
  128  9:23  Extractor  
  127  9:26  Extractor  
  126  9:34  Overlord  
  126  9:35  Overlord x3  
  126  9:36  Zerg Melee Weapons Level 2  
  126  10:12  Corruptor  
  126  10:13  Corruptor x7  
  142  10:32  Corruptor  
  142  10:33  Corruptor x2  
  148  10:42  Overlord x4  
  148  10:58  Overlord x4  
  148  10:59  Overlord  
  148  11:22  Brood Lord x5  
  158  11:35  Corruptor x3  
  146  12:20  Corruptor x7  
  146  12:21  Corruptor x2  
Show
View Real Time Build Order
Export as new Build Order

Zischer Protoss 

Build Orders:  

Get SALT Encoding   

  12  0:02  Probe (Chrono Boost)  
  13  0:13  Probe (Chrono Boost)  
  14  0:21  Pylon  
  14  0:23  Probe (Chrono Boost)  
  15  0:39  Probe (Chrono Boost)  
  16  0:44  Assimilator  
  16  0:50  Probe (Chrono Boost)  
  16  0:56  Gateway  
  17  1:00  Probe (Chrono Boost)  
  18  1:19  Pylon  
  18  1:29  Gateway  
  18  1:32  Probe (Chrono Boost)  
  19  1:36  Assimilator  
  19  1:39  Gateway  
  19  1:43  Probe (Chrono Boost)  
  20  1:48  Cybernetics Core  
  20  1:53  Probe (Chrono Boost)  
  21  2:02  Zealot  
  21  2:04  Probe (Chrono Boost)  
  24  2:11  Pylon  
  24  2:14  Probe (Chrono Boost)  
  25  2:25  Probe (Chrono Boost), Warp Gate (Chrono Boost)  
  25  2:28  Stalker  
  28  2:33  Stalker  
  30  2:42  Pylon  
  30  2:57  Stalker  
  32  3:16  Nexus  
  32  3:29  Forge  
  32  3:37  Twilight Council  
  32  3:55  Pylon  
  32  4:00  Stalker x2  
  36  4:04  Protoss Ground Weapons Level 1  
  36  4:27  Pylon, Probe  
  37  4:34  Probe  
  37  4:38  Probe  
  39  4:46  Probe  
  39  4:47  Pylon  
  41  4:54  Photon Cannon  
  41  4:59  Probe  
  33  5:11  Probe  
  34  5:20  Probe  
  34  5:23  Probe  
  36  5:31  Probe  
  36  5:35  Probe, Blink (Chrono Boost)  
  38  5:40  Stalker  
  38  5:41  Probe  
  40  5:47  Probe  
  42  5:52  Probe  
  43  5:59  Probe  
  43  6:02  Probe  
  44  6:07  Photon Cannon  
  45  6:12  Photon Cannon  
  45  6:13  Probe  
  45  6:14  Gateway  
  45  6:17  Pylon  
  46  6:23  Probe  
  46  6:24  Stalker  
  46  6:25  Stalker  
  51  6:31  Protoss Shields Level 1 (Chrono Boost)  
  51  6:34  Probe x2  
  53  6:46  Photon Cannon, Probe  
  54  6:50  Stalker x2  
  58  6:59  Assimilator  
  58  7:03  Assimilator  
  58  7:05  Probe  
  59  7:13  Stalker x2  
  59  7:14  Stalker x2  
  67  7:15  Probe  
  62  8:04  Stalker  
  64  8:05  Stalker  
  64  8:06  Stalker x2  
  70  8:14  Forge  
  70  8:15  Robotics Facility  
  70  8:17  Pylon  
  70  8:18  Pylon  
  70  8:19  Protoss Ground Armor Level 1 (Chrono Boost)  
  70  8:21  Gateway x2  
  70  8:40  Probe  
  55  9:55  Stalker x4  
  63  10:01  Immortal, Protoss Shields Level 2 (Chrono Boost)  
  67  10:08  Pylon  
  67  10:15  Templar Archives  
  67  10:18  Protoss Ground Weapons Level 2 (Chrono Boost)  
  67  10:31  Stalker x2  
  67  10:32  Stalker x4  
  79  10:40  Immortal  
  83  10:49  Nexus  
  83  10:52  Pylon  
  83  10:53  Pylon  
  83  10:55  Pylon, Stalker x5  
  83  10:56  Stalker  
  95  10:58  Pylon  
  95  11:11  Assimilator  
  95  11:16  Assimilator  
  95  11:19  Photon Cannon  
  95  11:21  Photon Cannon  
  95  11:23  Photon Cannon  
  95  11:31  Pylon, Stalker  
  95  11:32  Stalker x3  
  103  11:33  Stalker x2  
  92  12:49  Stalker x5  
  92  12:50  Stalker  
  58  13:43  Stalker x4  
  58  13:44  Stalker x2  
Show
View Real Time Build Order
Export as new Build Order

sonicsurfer Zerg 

Build Orders: Hatch First 

Get SALT Encoding   

  12  0:02  Drone  
  13  0:08  Drone  
  14  0:22  Overlord  
  14  0:40  Drone x2  
  14  0:41  Drone  
  17  1:02  Drone x2  
  17  1:03  Hatchery  
  18  1:16  Spawning Pool  
  17  1:21  Extractor  
  17  1:22  Drone  
  17  1:32  Drone  
  18  1:49  Drone  
  19  1:54  Overlord  
  19  2:03  Queen  
  21  2:19  Queen  
  21  2:20  Drone  
  24  2:31  Extractor  
  23  2:37  Drone  
  23  2:38  Drone x2  
  26  2:51  Drone x3  
  29  3:14  Lair  
  29  3:25  Roach Warren  
  28  3:28  Spore Crawler  
  27  3:34  Queen  
  29  3:44  Extractor  
  29  3:46  Drone x2  
  29  3:47  Drone, Extractor  
  30  3:49  Drone x3  
  33  3:59  Drone x3  
  33  4:02  Overlord x3  
  36  4:03  Overlord  
  36  4:30  Hydralisk Den  
  35  4:33  Evolution Chamber  
  35  4:36  Evolution Chamber  
  34  4:38  Drone x3  
  36  4:55  Roach  
  36  4:56  Roach x5  
  36  4:59  Overseer  
  48  5:30  Drone x3  
  48  5:33  Drone x3  
  48  5:34  Drone x4  
  58  5:41  Muscular Augments  
  58  5:42  Zerg Missile Weapons Level 1  
  58  5:43  Zerg Ground Armor Level 1  
  55  6:24  Hydralisk x3  
  55  6:25  Hydralisk x3  
  63  6:30  Overlord x5  
  63  6:31  Overlord  
  67  6:46  Drone  
  68  7:11  Lurker Den  
  68  7:16  Drone x3  
  68  7:19  Hydralisk x6  
  68  7:20  Hydralisk x3  
  89  8:31  Zerg Missile Weapons Level 2  
  89  8:33  Zerg Ground Armor Level 2  
  89  8:42  Drone, Infestation Pit  
  89  8:45  Drone  
  90  9:25  Hydralisk x2  
  90  9:26  Hydralisk x7  
  90  9:27  Hydralisk x4  
  90  9:30  Overlord x3  
  90  9:31  Overlord x6  
  116  9:55  Hive  
  116  10:13  Hatchery  
  115  10:20  Hydralisk x5  
  115  10:21  Hydralisk x4  
  133  11:04  Burrow  
  133  11:10  Hydralisk x2  
  133  11:11  Hydralisk x6  
  137  11:12  Hydralisk x6  
  161  11:34  Pneumatized Carapace  
  161  11:36  Overseer  
  145  12:40  Hydralisk  
  145  12:41  Hydralisk x6  
  145  12:42  Hydralisk x6  
  145  12:43  Hydralisk x2  
  175  12:47  Drone x3  
Show
View Real Time Build Order
Export as new Build Order

MieuZork Zerg 

Build Orders: Pool First 

Get SALT Encoding   

  12  0:03  Drone  
  13  0:16  Overlord  
  13  0:23  Drone  
  14  0:29  Drone, Extractor  
  14  0:39  Drone  
  14  0:40  Drone  
  16  0:49  Drone  
  17  0:55  Spawning Pool  
  16  1:01  Drone  
  17  1:12  Drone  
  18  1:24  Drone  
  19  1:36  Hatchery  
  18  1:42  Queen  
  20  1:47  Zergling x4  
  22  2:07  Hatchery  
  21  2:14  Zergling x2  
  22  2:17  Overlord  
  22  2:28  Metabolic Boost  
  22  2:37  Zergling x6  
  25  2:48  Queen  
  25  2:50  Zergling x2  
  28  2:53  Zergling x2  
  29  3:14  Drone x4  
  33  3:20  Queen  
  33  3:21  Drone  
  36  3:31  Drone  
  36  3:32  Drone x4  
  41  3:50  Drone  
  41  3:52  Overlord x2  
  41  3:53  Overlord  
  42  4:10  Drone  
  42  4:11  Drone x11  
  54  4:25  Extractor x2  
  54  4:30  Drone, Extractor  
  54  4:31  Drone x4  
  54  4:55  Extractor  
  54  4:57  Extractor  
  52  5:00  Zergling x2  
  52  5:01  Zergling x18  
  52  5:04  Lair  
  62  5:07  Queen  
  62  5:10  Overlord x2  
  64  5:14  Queen  
  64  5:15  Hatchery  
  51  6:08  Spire  
  51  6:09  Drone x3, Spire  
  51  6:10  Drone x4  
  51  6:11  Drone x3  
  56  6:12  Drone x2  
  60  6:20  Drone x4  
  60  6:21  Drone x2  
  60  6:22  Drone  
  67  6:40  Drone x2  
  67  6:41  Drone x4  
  73  7:09  Overlord x2  
  73  7:10  Overlord x3  
  73  7:20  Mutalisk  
  73  7:21  Mutalisk x6  
  87  7:29  Mutalisk x10  
  89  7:30  Mutalisk x2  
  111  7:42  Zerg Flyer Weapons Level 1  
  111  7:45  Zerg Flyer Armor Level 1  
  111  7:47  Overlord x3  
  111  7:48  Overlord  
  111  8:22  Infestation Pit  
  111  8:24  Evolution Chamber  
  111  8:26  Evolution Chamber  
  89  9:06  Mutalisk x5  
  89  9:07  Mutalisk x7  
  113  9:13  Zergling x2  
  113  9:14  Zergling x44  
  113  9:15  Zergling x2  
  137  9:43  Zerg Flyer Armor Level 2, Zerg Flyer Weapons Level 2  
  137  9:46  Hive  
  137  10:04  Hatchery  
  137  10:05  Hatchery  
  137  10:06  Hatchery  
  130  10:42  Overlord  
  130  10:43  Overlord x3  
  130  11:14  Viper x2  
  130  11:15  Viper x4  
  146  11:29  Extractor  
  132  11:32  Extractor  
  132  11:39  Spore Crawler x2  
  129  11:40  Spore Crawler  
  129  11:41  Spore Crawler  
  125  11:47  Burrow  
  77  12:16  Mutalisk x12  
  77  12:17  Mutalisk  
  94  12:46  Extractor  
Show
View Real Time Build Order
Export as new Build Order

Mithraw Zerg 

Build Orders: Hatch First 

Get SALT Encoding   

  12  0:04  Drone  
  13  0:09  Drone  
  14  0:18  Overlord  
  14  0:38  Drone x3  
  17  1:00  Hatchery  
  16  1:05  Drone x2  
  18  1:20  Spawning Pool  
  18  1:22  Extractor  
  18  1:23  Drone x2  
  18  1:36  Drone  
  19  1:57  Overlord  
  19  2:14  Queen  
  21  2:16  Overlord  
  21  2:17  Hatchery  
  21  2:19  Queen  
  22  2:23  Drone  
  22  2:25  Drone  
  24  2:36  Drone  
  26  2:37  Drone x3  
  26  2:41  Drone  
  29  2:46  Drone  
  29  2:51  Drone  
  31  2:53  Extractor  
  30  3:01  Spore Crawler  
  30  3:03  Drone  
  30  3:04  Spore Crawler  
  30  3:05  Drone  
  30  3:11  Drone x2  
  32  3:22  Drone, Roach Warren  
  32  3:29  Drone x2  
  32  3:30  Drone  
  32  3:33  Drone  
  36  3:42  Evolution Chamber  
  36  3:44  Evolution Chamber  
  36  3:45  Drone  
  36  3:46  Drone  
  36  3:50  Drone, Extractor  
  36  3:51  Extractor  
  35  3:58  Queen  
  35  4:01  Drone  
  38  4:03  Drone  
  38  4:08  Spore Crawler  
  38  4:09  Drone  
  39  4:12  Drone  
  39  4:13  Drone  
  39  4:15  Drone  
  42  4:22  Lair  
  42  4:26  Zerg Missile Weapons Level 1  
  42  4:32  Roach  
  42  4:33  Roach  
  42  4:35  Roach  
  42  4:37  Roach  
  50  4:45  Spine Crawler  
  49  4:46  Overlord  
  49  4:54  Overlord  
  49  5:17  Roach x6  
  49  5:18  Roach x2  
  65  5:23  Overlord x2  
  65  5:24  Overlord  
  65  5:27  Glial Reconstitution  
  65  5:31  Zerg Ground Armor Level 1  
  65  5:55  Roach  
  65  5:56  Roach x7  
  81  6:05  Roach x2  
  85  6:23  Drone x5  
  90  6:36  Overlord x2  
  90  6:37  Overlord x6  
  90  6:41  Zerg Missile Weapons Level 2  
  90  6:50  Hydralisk Den  
  89  6:55  Ravager x2  
  89  7:01  Ravager  
  92  7:05  Drone x6  
  92  7:06  Drone x2  
  100  7:14  Roach  
  100  7:15  Roach x2  
  86  7:21  Roach x2  
  64  7:30  Roach x3  
  64  7:32  Roach  
  64  7:33  Roach  
  67  7:41  Roach x2  
  67  7:42  Roach  
  71  7:59  Hatchery  
  71  8:03  Drone x3  
  71  8:04  Drone  
  74  8:06  Drone  
  74  8:10  Drone  
  76  8:23  Drone x2  
  78  8:32  Drone x2  
  80  8:40  Infestation Pit  
  79  8:41  Muscular Augments  
  79  8:42  Zerg Ground Armor Level 2  
  79  8:48  Hydralisk x2  
  79  8:49  Hydralisk  
  79  8:51  Drone  
  79  8:52  Drone  
  87  9:07  Drone  
  87  9:08  Drone x4  
  87  9:09  Drone  
  93  9:11  Drone x4  
  97  9:21  Queen  
  99  9:25  Extractor  
  99  9:28  Extractor  
  97  9:31  Hive  
  97  9:33  Pathogen Glands  
  97  9:48  Hydralisk  
  97  9:49  Hydralisk x4  
  97  9:51  Hydralisk  
  109  9:54  Ravager x2  
  109  9:55  Ravager x2  
  109  9:57  Ravager  
  114  10:07  Ravager x2  
  116  10:08  Overlord x3  
  116  10:29  Hydralisk x4  
  116  10:30  Hydralisk x3  
  116  10:34  Ravager  
  131  10:58  Roach x4  
  131  10:59  Roach x6  
  131  11:00  Roach x4  
  159  11:08  Hatchery  
  143  11:27  Hydralisk x3  
  143  11:28  Hydralisk x6  
  143  11:29  Hydralisk x2  
  142  12:35  Hydralisk x6  
  142  12:36  Hydralisk x6  
  142  12:37  Hydralisk x5  
  162  12:38  Hydralisk  
  178  13:08  Overlord x5  
  178  13:09  Overlord x4  
  178  13:38  Hatchery  
Tags
 
Add a new tag
Caveats
  • Supply blocks, unpowered buildings, or Contaminate may cause inaccurate times.
  • Supply counts are checked every 10 seconds.